 Dungeon Crawl Stone Soup version 0.30.0-16-gbe6223bb7e (webtiles) character file.

Game seed: 17308846957006209807

7 bmack86 the Trooper (level 2, -2/29 HPs)
             Began as an Ogre Warper on May 21, 2023.
             Slain by a goblin
             ... wielding a +1 dagger of electrocution
              (10 damage)
             ... on level 1 of the Dungeon.
             The game lasted 00:01:33 (95 turns).

bmack86 the Trooper (Ogre Warper)                     Turns: 95, Time: 00:01:33

Health: -2/29      AC:  3    Str: 14    XL:     2   Next: 4%
Magic:  4/5        EV:  9    Int: 14    God:
Gold:   0          SH:  0    Dex:  8    Spells: 6/6 levels left

rFire   . . .        a - +0 hand axe
rCold   . . .        (no shield)
rNeg    . . .        b - +0 robe
rPois   .            (helmet restricted)
rElec   .            (no cloak)
rCorr   .            (gloves unavailable)
SInv    .            (boots unavailable)
Will    .....        (no amulet)
Stlth   +            (no ring)
HPRegen 0.24/turn    (no ring)
MPRegen 0.09/turn

%: no passive effects
@: no status effects
A: large, unfitting armour, tough skin 1
a: no special abilities


You were on level 1 of the Dungeon.
You visited 1 branch of the dungeon, and saw 1 of its levels.

Inventory:

Hand Weapons
 a - a +0 hand axe (weapon)
Missiles
 d - 7 boomerangs of dispersal (quivered)
Armour
 b - a +0 robe (worn)
Scrolls
 c - a scroll of blinking
 e - a scroll of magic mapping {unknown}
 f - a scroll of butterflies {unknown}


   Skills:
 + Level 2.8 Fighting
 + Level 2.1 Axes
 + Level 1.1 Throwing
 + Level 2.2 Dodging
 + Level 2.5 Spellcasting
 + Level 2.7 Translocations


You had 6 spell levels left.
You didn't know any spells.
Your spell library contained the following spells:

 Spells                   Type           Power      Damage    Failure   Level
 Blink                    Tloc           18%        N/A       11%         2
 Lesser Beckoning         Tloc           18%        N/A       11%         2
 Teleport Other           Tloc           9%         N/A       22%         3
 Vhi's Electric Charge    Tloc/Air       10%        N/A       36%         3
 Manifold Assault         Tloc           9%         N/A       56%         4


Dungeon Overview and Level Annotations

Branches:
Dungeon (1/15)

Altars:

Shops:
D:1 !


Innate Abilities, Weirdness & Mutations

You are too large for most types of armour.
You have tough skin. (AC +1)


Message History

The jackal is severely wounded.
The jackal bites you.
You barely miss the jackal.
The jackal is severely wounded.
The jackal closely misses you. The jackal bites you.
You closely miss the jackal.
The jackal is heavily wounded.
The jackal barely misses you. The jackal completely misses you.
You hit the jackal.
You kill the jackal!
You have reached level 2!
Things that are here:
a jackal corpse; a jackal corpse
Found 16 gold pieces.
A goblin comes into view.
It is wielding a +1 dagger of electrocution.
The goblin shouts!
A ball python comes into view.
The ball python hisses angrily.
There is a stone staircase leading down here.
The goblin hits you with a +1 dagger of electrocution.
You are electrocuted!
* * * LOW HITPOINT WARNING * * *
You closely miss the goblin.
The goblin hits you with a +1 dagger of electrocution.
* * * LOW HITPOINT WARNING * * *
Unknown command.
You barely miss the goblin. You barely miss the ball python.
The ball python barely misses you. The goblin closely misses you.
The ball python bites you but does no damage.
You hit the goblin.
The goblin is moderately wounded.
You barely miss the ball python. The goblin hits you but does no damage.
The ball python bites you but does no damage.
The goblin barely misses you.
You hit the goblin but do no damage.
The goblin is moderately wounded.
You hit the ball python.
You kill the ball python!
The goblin hits you but does no damage.
You are electrocuted!
You die...

........ ###.... #♣.
$♣......#.......... ...
.......#.#........ ♣..
♣)...#...#..##$.. ...
##..∩..#.#... ♣.♣
#.#...#....#
#.###..#.#....##
#.......#...g##
###.###.....@##
#######.†.......>.#
........###........=..P.
#........[.............P
..#########.............
..................♣.♣...
.##########.......♣.♣...
## #####...♣.♣ .. #
###.♣


You could see a goblin.

Vanquished Creatures
  A hobgoblin (D:1)
  4 jackals (D:1)
  2 ball pythons (D:1)
7 creatures vanquished.

Notes
Turn   | Place    | Note
-------+----------+-------------------------------------------
     0 | D:1      | bmack86 the Ogre Warper began the quest for the Orb.
     0 | D:1      | Reached XP level 1. HP: 22/22 MP: 3/3
    51 | D:1      | Found Fits's Distillery.
    82 | D:1      | Reached XP level 2. HP: 20/29 MP: 3/5
    95 | D:1      | Slain by a goblin

Illustrated notes

Levels and vault maps discovered:
D:1:      dpeg_arrival_renting, layout_rooms, serial_forest,
          infiniplex_forest_clump_cross, infiniplex_forest_clump_large,
          infiniplex_forest_straight_4, infiniplex_forest_diagonal,
          infiniplex_forest_lined_room_, infiniplex_forest_lined_ring,
          infiniplex_forest_straight_3, infiniplex_forest_straight_2,
          serial_shops, nicolae_diamond_shop

Action                     || total
---------------------------++-------
  Melee: Hand axe          ||    21
 Armour: Robe              ||    16
  Dodge: Dodged            ||    16
